Map: 로맨티사이드 - 래더

Players

hoshistar - Winner!

  • Race: Protoss Protoss
  • League: Silver

llllllllllll

  • Race: Terran Terran

VOD

Have the link to the VOD?

Description

Time

  • Played on: Aug. 9, 2021, 8:27 a.m.
  • Length: 11:28
Show
View Real Time Build Order
Export as new Build Order

hoshistar Protoss - Winner!

Build Orders: 1 Gate Expand, Zealot Archon 

Get SALT Encoding   

  12  0:00  Probe  
  13  0:12  Probe  
  14  0:22  Pylon  
  14  0:25  Probe  
  15  0:40  Probe (Chrono Boost)  
  16  0:43  Gateway  
  16  0:49  Assimilator  
  17  0:51  Probe (Chrono Boost)  
  17  0:56  Probe (Chrono Boost)  
  18  1:06  Probe  
  20  1:18  Probe  
  20  1:30  Nexus, Probe  
  21  1:43  Probe  
  22  1:57  Cybernetics Core  
  22  1:59  Pylon  
  22  2:01  Probe  
  23  2:17  Zealot, Probe  
  26  2:24  Assimilator  
  26  2:28  Warp Gate (Chrono Boost)  
  27  2:30  Probe, Pylon  
  27  2:42  Probe  
  27  2:57  Probe (Chrono Boost)  
  27  2:58  Probe (Chrono Boost)  
  29  3:08  Probe (Chrono Boost)  
  29  3:09  Probe (Chrono Boost)  
  29  3:12  Gateway, Probe (Chrono Boost)  
  31  3:14  Gateway  
  31  3:15  Robotics Facility  
  31  3:18  Probe  
  33  3:24  Probe  
  33  3:26  Twilight Council  
  34  3:30  Probe  
  35  3:36  Probe  
  35  3:40  Pylon  
  36  3:42  Probe  
  37  3:48  Probe  
  37  3:51  Gateway  
  37  3:54  Probe  
  37  3:55  Gateway  
  39  4:00  Probe  
  40  4:04  Shield Battery  
  40  4:05  Charge (Chrono Boost)  
  40  4:06  Probe  
  40  4:08  Observer  
  42  4:12  Probe  
  43  4:17  Adept x2  
  43  4:21  Probe  
  48  4:25  Assimilator, Probe  
  48  4:26  Assimilator  
  49  4:32  Zealot  
  49  4:35  Probe  
  49  4:37  Probe  
  53  4:47  Probe  
  53  4:49  Probe  
  55  4:59  Probe  
  56  5:01  Probe  
  56  5:06  Stalker  
  56  5:07  Stalker  
  61  5:11  Probe  
  61  5:12  Pylon x2  
  62  5:21  Nexus  
  62  5:23  Pylon  
  62  5:30  Probe x2  
  62  5:33  Pylon  
  64  5:37  Warp Prism  
  64  5:39  Blink (Chrono Boost)  
  66  5:46  Probe x2  
  68  5:50  Pylon  
  66  5:57  Templar Archives  
  66  6:01  Probe  
  67  6:12  Pylon  
  67  6:18  Gateway  
  67  6:19  Gateway  
  67  6:22  Probe x2, Forge  
  67  6:24  Forge  
  69  6:27  Stalker  
  69  6:28  Stalker x4  
  77  6:42  Immortal  
  81  6:49  Shield Battery  
  81  6:51  Shield Battery  
  81  6:52  High Templar x3  
  81  6:53  High Templar x2  
  91  6:57  Archon x2  
  77  7:17  Zealot x2  
  77  7:27  Stalker x2  
  77  7:28  Stalker x3  
  87  7:31  Protoss Ground Weapons Level 1 (Chrono Boost)  
  87  7:32  Protoss Ground Armor Level 1 (Chrono Boost)  
  87  8:01  Zealot x3  
  87  8:02  Zealot x4  
  87  8:03  Gateway  
  101  8:05  Gateway  
  101  8:09  Assimilator  
  97  8:14  Assimilator  
  97  8:34  High Templar x3  
  97  8:35  High Templar x2  
  107  8:44  Archon x2  
  107  8:52  Zealot x2  
  111  9:07  Psionic Storm  
  111  9:23  Nexus  
  111  9:25  Pylon  
  111  9:26  Pylon x2  
  111  9:27  Pylon  
  111  9:28  Pylon  
  111  9:32  Gateway  
  111  9:34  Gateway  
  111  9:36  Gateway  
  111  9:42  Stalker x4  
  111  9:43  Stalker x3  
  111  9:44  Stalker  
  127  10:08  Stalker x6  
  127  10:09  Stalker x3  
Show
View Real Time Build Order
Export as new Build Order

llllllllllll Terran 

Build Orders:  

Get SALT Encoding   

  12  0:00  SCV  
  13  0:14  SCV  
  14  0:21  Supply Depot  
  14  0:26  SCV  
  15  0:42  SCV  
  16  0:44  Barracks  
  16  0:47  Refinery  
  16  0:54  SCV  
  17  1:07  SCV  
  18  1:22  SCV  
  19  1:33  Marine  
  20  1:40  Orbital Command  
  20  1:47  Command Center  
  20  1:55  Barracks Reactor  
  20  1:57  Supply Depot  
  20  2:06  SCV  
  21  2:18  SCV  
  21  2:21  Factory  
  22  2:31  Marine x2  
  22  2:34  SCV  
  25  2:46  SCV  
  25  2:49  Marine x2  
  28  2:53  Command Center  
  28  2:59  SCV  
  28  3:04  Orbital Command  
  29  3:06  Factory Tech Lab  
  29  3:10  Bunker  
  29  3:15  SCV  
  30  3:25  Siege Tank  
  33  3:27  SCV  
  33  3:31  SCV  
  35  3:35  Barracks  
  35  3:39  SCV  
  36  3:43  SCV  
  37  3:50  Barracks  
  37  3:51  SCV  
  37  3:53  Marine x2  
  40  4:02  Refinery  
  40  4:03  SCV  
  40  4:04  Refinery  
  40  4:05  Factory Tech Lab, SCV  
  40  4:09  Orbital Command  
  42  4:15  SCV  
  42  4:16  Engineering Bay  
  43  4:17  SCV  
  44  4:27  SCV  
  44  4:29  SCV  
  44  4:30  Marine x2  
  48  4:31  Stimpack  
  48  4:34  SCV  
  49  4:39  SCV  
  49  4:43  Terran Infantry Weapons Level 1  
  49  4:45  Marine x2  
  50  4:47  SCV  
  50  4:50  Refinery  
  53  4:53  SCV  
  53  4:54  Marine x2, Supply Depot  
  53  4:55  Supply Depot  
  53  4:57  Factory Reactor  
  53  4:59  Starport, SCV  
  57  5:05  Combat Shield  
  57  5:08  Marine x2  
  57  5:10  SCV  
  60  5:17  SCV  
  60  5:18  Supply Depot  
  60  5:20  Marine x2  
  63  5:22  SCV x2  
  65  5:29  SCV  
  65  5:34  Marauder, SCV  
  65  5:35  Marauder  
  71  5:36  Orbital Command  
  71  5:42  SCV  
  72  5:46  Factory Reactor, Marine x2, Medivac  
  72  5:47  Medivac  
  78  5:51  SCV  
  78  5:52  Barracks  
  78  5:53  Barracks  
  78  5:55  SCV  
  80  6:02  Supply Depot  
  80  6:03  Supply Depot  
  80  6:04  SCV  
  80  6:05  Marine x2  
  80  6:06  Marauder  
  85  6:14  Marauder  
  85  6:17  SCV  
  88  6:18  Armory  
  88  6:19  Medivac  
  88  6:20  Medivac  
  88  6:25  SCV x2  
  94  6:37  Terran Infantry Armor Level 1  
Tags
 
Add a new tag
Caveats
  • Supply blocks, unpowered buildings, or Contaminate may cause inaccurate times.
  • Supply counts are checked every 10 seconds.